 Dungeon Crawl Stone Soup version 0.25-a0-1036-g6f112fb28d (webtiles) character file.

Game seed: 16112388871406377258, levelgen mode: deterministic

47 Maedhros the Sneak (level 3, -21/23 HPs)
             Began as an Octopode Artificer on May 13, 2020.
             Was a Plaything of Xom.
             Hit by a large rock thrown by a cyclops (35 damage)
             ... on level 8 of the Dungeon.
             The game lasted 00:02:26 (463 turns).

Maedhros the Sneak (Octopode Artificer)              Turns: 463, Time: 00:02:27

Health: -21/23     AC:  1    Str: 11    XL:     3   Next: 70%
Magic:  5/5        EV: 13    Int: 13    God:    Xom [*.....]
Gold:   14         SH:  0    Dex: 13    Spells: 2/2 levels left

rFire    . . .     SeeInvis .   a - +0 short sword
rCold    . . .     Gourm    .   (no shield)
rNeg     . . .     Faith    .   (helmet restricted)
rPois    .         Spirit   .   (no amulet)
rElec    .         Reflect  .   (no ring)
rCorr    .         Harm     .   (no ring)
MR       .....                  (no ring)
Stlth    +++.......             (no ring)
HPRegen  0.07/turn              (no ring)
MPRegen  0.09/turn              (no ring)
                                (no ring)
                                (no ring)

@: no status effects
A: almost no armour, stealthy swim, amphibious, 8 rings, constrict 8, camouflage
1, gelatinous body 1
a: Renounce Religion


You were on level 8 of the Dungeon.
You worshipped Xom.
You were a special plaything of Xom.
You were not hungry.

You visited 2 branches of the dungeon, and saw 7 of its levels.

You collected 14 gold pieces.

Inventory:

Hand Weapons
 a - a +0 short sword (weapon)
Missiles
 k - a throwing net (quivered)
Wands
 b - a wand of flame (15)
 c - a wand of enslavement (12)
 d - a wand of random effects (11)
 i - a wand of paralysis (7)
Scrolls
 e - a scroll of enchant armour {unknown}
 g - 2 scrolls of identify {unknown}
 h - a scroll of teleportation {unknown}
Potions
 j - 2 potions of curing {unknown}
Comestibles
 f - 3 rations


   Skills:
 - Level 1.0 Fighting
 - Level 1.0 Short Blades
 - Level 2.0 Dodging
 - Level 4.0 Stealth
 + Level 1.9 Unarmed Combat
 - Level 3.2 Evocations


You had 2 spell levels left.
You didn't know any spells.
Your spell library was empty.

Dungeon Overview and Level Annotations

Branches:
Dungeon (5/15)             Temple (1/1) D:4

Altars:
Ashenzari
Elyvilon
Gozag
Makhleb
Nemelex Xobeh
Ru
Trog
Uskayaw
Vehumet
Xom
Yredelemnul
Zin
The Shining One


Innate Abilities, Weirdness & Mutations

You cannot wear most types of armour.
You are very stealthy in the water. (Stealth+)
You are amphibious.
You can wear up to eight rings at the same time.
You can use your tentacles to constrict eight enemies at once.
Your skin changes colour to match your surroundings (Stealth+).
Your rubbery body absorbs attacks. (AC +1, EV +1)


Message History

There is a shaft here.
You fall into a shaft and drop 3 floors!
The shaft crumbles and collapses.
Xom is amused.
Found 23 stones.
Unknown command.
Unknown command.
Unknown command.
Found a stone staircase leading down.
Found a throwing net.
Found an escape hatch in the ceiling.
You see here a throwing net.
k - a throwing net
Found a ration.
A cyclops comes into view.
The cyclops shouts!
The cyclops throws a large rock.
The large rock hits you!!
Ouch! That really hurt!
You die...
Xom roars with laughter!

.###.....+ #..#
#######
.........###..#
#.....#
#..........###(...#
#..........##...###
#...............#
#...........#####
#......>....#
####.##.#...#
#@#....### #...#.##
..##..# .#<#..##
...%... .# C.. ..
... .. ..?..


You could see a cyclops.

Vanquished Creatures
  A hound (D:4)
  A worm (D:2)
  A dart slug (D:2)
  3 orcs (D:4)
  A bat (D:2)
  2 kobolds (D:2)
  A rat (D:2)
10 creatures vanquished.

Vanquished Creatures (others)
  An orc (D:4)
1 creature vanquished.

Grand Total: 11 creatures vanquished

Notes
Turn   | Place    | Note
-------+----------+-------------------------------------------
     0 | D:1      | Maedhros the Octopode Artificer began the quest for the
                  | Orb.
     0 | D:1      | Reached XP level 1. HP: 13/13 MP: 3/3
    42 | D:2      | Found a white marble altar of Elyvilon.
    64 | D:2      | Reached skill level 2 in Stealth
   103 | D:2      | Reached skill level 3 in Stealth
   103 | D:2      | Reached XP level 2. HP: 18/18 MP: 4/4
   165 | D:4      | Found a hide-covered altar of Uskayaw.
   228 | D:4      | Found a shattered altar of Ashenzari.
   292 | D:4      | Found a staircase to the Ecumenical Temple.
   299 | Temple   | Entered the Ecumenical Temple
   316 | Temple   | Became a worshipper of Xom of Chaos
   401 | D:4      | XOM: divination: detect creatures
   410 | D:4      | Reached skill level 4 in Stealth
   410 | D:4      | Reached skill level 1 in Unarmed Combat
   410 | D:4      | Reached XP level 3. HP: 11/23 MP: 5/5
   440 | D:5      | Entered Level 5 of the Dungeon
   444 | D:5      | XOM: divination: detect creatures
   445 | D:5      | You fall into a shaft and drop 3 floors!
   461 | D:8      | Noticed a cyclops
   463 | D:8      | Hit by a large rock thrown by a cyclops

Illustrated notes

Levels and vault maps discovered:
D:1:      minmay_arrival_three_doors, layout_loops_ring,
          corexii_hall_statues_deadend
D:2:      layout_basic, lemuel_round_altar, nicolae_overflow_crystal_walls,
          bloody_makhleb
D:3:      minmay_goblin_kobold_castle, layout_basic, first_ration
D:4:      layout_basic, lemuel_crystal_altar, overflow_temple_1_default,
          minmay_temple_entry_mini_moons, nrook_mini_vaults, minivault_19,
          grunt_ministairs_8, grunt_decor_arrowhead
D:5:      layout_rooms, lemuel_crystal_altar, kennysheep_little_box,
          serial_shops, shop
D:8:      layout_rooms, kennysheep_mini, hangedman_little_slice_of_home,
          uniq_joseph
Temple:   eino_wide_crystal_templ

Skill      XL: |  1  2 |
---------------+-------+-----
Stealth        | 3 4 |  4.0
Unarmed Combat | 1 |  1.9
Fighting       | |  1.0
Short Blades   | |  1.0
Dodging        | |  2.0
Evocations     | |  3.2

Action                   || total
-------------------------++-------
Melee: Short sword       ||    30
       Constrict         ||     8
       Tentacles         ||     4
Evoke: Wand              ||     7
  Use: Potion            ||     1
 Stab: Sleeping          ||     2
Armor: Skin              ||     1
Dodge: Dodged            ||    12

Table legend:
 A = Non-vault XP
 B = Vault XP
 C = Vault XP percentage of total XP
 D = Non-vault monster count
 E = Vault monster count
 F = Vault count percentage of total count
                 A         B        C        D         E       F
            +---------+---------+-------+---------+---------+-------
      Total |      68 |       0 |   0.0 |      10 |       0 |   0.0
            +---------+---------+-------+---------+---------+-------
        D:2 |      15 |       0 |   0.0 |       6 |       0 |   0.0
        D:4 |      53 |       0 |   0.0 |       4 |       0 |   0.0
            +---------+---------+-------+---------+---------+-------
